 Dungeon Crawl Stone Soup version 0.28-a0-178-ga708605c5b (webtiles) character file.

Game seed: 3684986061759745840

3453 frimble the Carver (level 9, -7/78 HPs)
             Began as a Minotaur Warper on Aug 17, 2021.
             Mangled by Joseph (17 damage)
             ... on level 7 of the Dungeon.
             The game lasted 00:07:40 (7909 turns).

frimble the Carver (Minotaur Warper)                Turns: 7909, Time: 00:07:41

Health: -7/78      AC:  8    Str: 16    XL:     9   Next: 78%
Magic:  10/10      EV: 16    Int: 12    God:
Gold:   372        SH:  0    Dex: 11    Spells: 2/10 levels left

rFire   . . .      SeeInvis .   a - +0 long sword
rCold   . . .      Faith    .   (no shield)
rNeg    + . .      Spirit   .   h - +3 ring mail {rN+}
rPois   .          Reflect  .   (helmet restricted)
rElec   .          Harm     .   (no cloak)
rCorr   .          Rampage  .   (no gloves)
Will    +....                   (no boots)
Stlth   ..........              (no amulet)
HPRegen 0.23/turn               k - ring of willpower
MPRegen 0.12/turn               m - +4 ring of evasion

@: confused, brilliant, ambrosia-drunk, on berserk cooldown, slowed, very slow
A: horns 2, retaliatory headbutt
a: no special abilities


You were on level 7 of the Dungeon.
You visited 1 branch of the dungeon, and saw 7 of its levels.

You collected 372 gold pieces.

Inventory:

Hand Weapons
 a - a +0 long sword (weapon)
Missiles
 d - 5 boomerangs of dispersal (quivered)
Armour
 h - a +3 ring mail of positive energy (worn)
Jewellery
 k - a ring of willpower (left hand)
 m - a +4 ring of evasion (right hand)
 r - a ring of fire
 u - a ring of poison resistance
Wands
 j - a wand of paralysis (4)
 n - a wand of digging (2)
 x - a wand of acid (10)
Scrolls
 c - a scroll of blinking
 e - 4 scrolls of teleportation
 f - a scroll of magic mapping
 q - a scroll of immolation
 s - a scroll of amnesia
Potions
 b - a potion of attraction
 g - 2 potions of flight
 i - 3 potions of curing
 l - a potion of invisibility
 o - 2 potions of haste
 v - a potion of brilliance


   Skills:
 + Level 6.8 Fighting
 + Level 9.7 Long Blades
 - Level 6.0 Throwing
 - Level 3.0 Armour
 - Level 6.0 Dodging
 - Level 1.3 Spellcasting
 - Level 2.1 Translocations
 + Level 3.4 Transmutations
 + Level 3.2 Earth Magic


You had 2 spell levels left.
You knew the following spells:

 Your Spells              Type           Power      Damage    Failure   Level
a - Statue Form           Tmut/Erth      8%         N/A       100%        6
b - Blink                 Tloc           N/A        N/A       32%         2

Your spell library contained the following spells:

 Spells                   Type           Power      Damage    Failure   Level
 Slow                     Hex            1%         N/A       63%         2
 Gell's Gravitas          Tloc           4%         N/A       54%         3
 Lesser Beckoning         Tloc           4%         N/A       54%         3
 Teleport Other           Tloc           9%         N/A       54%         3
 Confusing Touch          Hex            1%         N/A       85%         3
 Animate Armour           Summ/Erth      14%        N/A       95%         4
 Leda's Liquefaction      Hex/Erth       3%         N/A       95%         4
 Blade Hands              Tmut           6%         N/A       98%         5
 Manifold Assault         Tloc           9%         N/A       99%         5
 Bolt of Magma            Conj/Fire/Erth 2%         4d4       100%        5
 Yara's Violent Unravell  Hex/Tmut       3%         3d4       100%        5
 Iron Shot                Conj/Erth      3%         9d2       100%        6


Dungeon Overview and Level Annotations

Branches:
Dungeon (7/15)             Temple (0/1) D:4

Altars:

Annotations:
D:2 1 runed translucent door, Crazy Yiuf
D:7 Joseph


Innate Abilities, Weirdness & Mutations

You have a pair of horns on your head.
You reflexively headbutt those who attack you in melee.


Message History

Joseph hits you but does no damage.
You slash Joseph!
Joseph is severely wounded.
Joseph shouts, "At last, some action!"
Joseph zaps a wand.
The puff of flame hits you.
You slash Joseph!
Joseph is severely wounded.
Joseph hits you but does no damage. x2
You hit Joseph but do no damage.
Joseph is severely wounded.
Joseph zaps a wand.
The puff of flame hits you!
You hit Joseph but do no damage.
Joseph is severely wounded.
You feel less wooden.
Your +3 ring mail of positive energy unmelds from your body.
You feel more protected from negative energy.
Joseph zaps a wand.
The puff of flame hits you!
Joseph says, "Coming here was your last mistake."
Joseph hits you with a +0 quarterstaff!
You slash Joseph!
Joseph is almost dead.
Joseph closely misses you.
You riposte.
You hit Joseph but do no damage.
Joseph is almost dead.
You hit Joseph but do no damage.
Joseph is almost dead.
Joseph closely misses you.
It was a potion of brilliance.
You feel clever all of a sudden. Joseph closely misses you.
Joseph hits you with a +0 quarterstaff!
* * * LOW HITPOINT WARNING * * *
You hit Joseph but do no damage. Your headbutt misses Joseph.
Joseph is severely wounded.
Joseph zaps a wand.
The puff of flame hits you.
* * * LOW HITPOINT WARNING * * *
It was a potion of ambrosia.
You are confused.
You feel invigorated. Joseph hits you with a +0 quarterstaff!
* * * LOW HITPOINT WARNING * * *
Joseph hits you with a +0 quarterstaff!
You die...

#..#
#..#
#..#
#.##
#.#
#.#
#.#
#.#
#@#
#@#
#.#
#.#
..#
...
...
....


You could see Joseph.

Vanquished Creatures
  Maggie (D:6)
  Grinder (D:3)
  An orc warrior (D:6)
  A black bear (D:7)
  2 sky beasts (D:5)
  3 ice beasts
  A necrophage (D:5)
  3 centaurs
  3 ogres
  2 phantoms
  A kobold brigand (D:6)
  2 scorpions
  2 water moccasin zombies (D:5)
  A water moccasin skeleton (D:2)
  A howler monkey (D:6)
  A crimson imp (D:7)
  A bullfrog zombie (D:4)
  3 centaur zombies
  3 hounds
  2 bullfrog skeletons
  A gnoll shaman (D:6)
  5 orc priests
  2 centaur skeletons (D:6)
  3 iguanas
  An orc wizard (D:5)
  A killer bee zombie (D:7)
  A hound skeleton (D:2)
  4 gnolls (D:6)
  A howler monkey skeleton (D:5)
  10 adders
  A white imp (D:7)
  An ufetubus (D:5)
  3 adder skeletons
  2 worms (D:3)
  3 dart slugs
  27 orcs
  6 endoplasms
  2 giant cockroaches
  8 goblins
  5 hobgoblins
  4 quokkas
  9 ball pythons
  9 bats
  4 frilled lizards
  8 kobolds
  5 rats
161 creatures vanquished.

Vanquished Creatures (others)
  2 white imps
2 creatures vanquished.

Grand Total: 163 creatures vanquished

Notes
Turn   | Place    | Note
-------+----------+-------------------------------------------
     0 | D:1      | frimble the Minotaur Warper began the quest for the Orb.
     0 | D:1      | Reached XP level 1. HP: 18/18 MP: 1/1
   123 | D:1      | Reached XP level 2. HP: 16/25 MP: 3/3
   420 | D:1      | Reached skill level 3 in Long Blades
   716 | D:2      | Reached XP level 3. HP: 22/31 MP: 4/4
  1195 | D:2      | Reached XP level 4. HP: 28/40 MP: 5/5
  1479 | D:2      | Found a faded altar of an unknown god.
  1853 | D:2      | Found a runed translucent door.
  1854 | D:2      | Noticed Crazy Yiuf
  2116 | D:2      | Reached skill level 4 in Long Blades
  2380 | D:3      | Reached XP level 5. HP: 41/46 MP: 6/6
  2411 | D:3      | You fall into a shaft and drop 3 floors!
  2457 | D:6      | Noticed an ice beast
  2481 | D:6      | Killed an ice beast
  2482 | D:6      | Reached XP level 6. HP: 45/53 MP: 7/7
  2570 | D:5      | Entered Level 5 of the Dungeon
  2657 | D:5      | Reached skill level 5 in Fighting
  2657 | D:5      | Reached skill level 5 in Long Blades
  2685 | D:4      | Found a staircase to the Ecumenical Temple.
  3206 | D:3      | Reached XP level 7. HP: 61/61 MP: 8/8
  3776 | D:4      | Noticed Grinder
  3803 | D:4      | Paralysed by Grinder for 4 turns
  3829 | D:3      | Killed Grinder
  3830 | D:3      | Reached skill level 6 in Long Blades
  4151 | D:4      | Reached skill level 5 in Throwing
  4461 | D:5      | Reached XP level 8. HP: 71/71 MP: 9/9
  4523 | D:5      | Reached skill level 7 in Long Blades
  4624 | D:5      | Reached skill level 8 in Long Blades
  4627 | D:5      | Reached skill level 5 in Dodging
  4934 | D:5      | Learned a level 6 spell: Statue Form
  4962 | D:5      | Reached skill level 1 in Transmutations
  4962 | D:5      | Reached skill level 1 in Earth Magic
  5741 | D:5      | Learned a level 2 spell: Blink
  5897 | D:6      | Noticed Maggie
  5909 | D:6      | Killed Maggie
  5910 | D:6      | Reached XP level 9. HP: 52/78 MP: 10/10
  6477 | D:6      | Reached skill level 9 in Long Blades
  7875 | D:7      | Noticed Joseph
  7909 | D:7      | Mangled by Joseph

Illustrated notes

Levels and vault maps discovered:
D:1:      mrwooster_arrival_arrow, layout_basic
D:2:      layout_loops_corners, shapermc_ecumenical_altar_ellora,
          uniq_crazy_yiuf_cottage
D:3:      layout_loops_ring, grunt_ministairs_5
D:4:      layout_rooms, temple_statues, uniq_grinder
D:5:      layout_layer_cave, minmay_stone_trees_large, minmay_joined_circles
D:6:      minmay_skewed_foursquare, layout_cave_pods,
          kennysheep_generic_room_14, uniq_maggie
D:7:      minmay_the_grid_triangle_9x9_rhombus_thin
          [minmay_the_grid_triangle_9x9_limited_checkers,
          minmay_the_grid_triangle_9x9_prize_special,
          minmay_the_grid_triangle_9x9_windchime,
          minmay_the_grid_triangle_9x9_corruption], layout_basic,
          mainiacjoe_overflow_chevrons, serial_glass, glass_columns_a,
          glass_columns_a, glass_columns_a, glass_columns_c, glass_columns_b,
          glass_columns_a, glass_columns_c, glass_columns_a, glass_columns_b,
          glass_columns_a, minmay_fire_ice_demons, uniq_joseph, uniq_menkaure

Skill      XL: |  1  2  3  4  5  6  7  8  9 |
---------------+----------------------------+-----
Fighting       | 3 4 5 6 |  6.8
Long Blades    | 3 4 5 6 8 9 |  9.7
Throwing       | 2 3 4 5 6 |  6.0
Dodging        | 3 5 6 |  6.0
Transmutations | 1 3 |  3.4
Earth Magic    | 1 3 |  3.2
Armour         | 3 |  3.0
Spellcasting   | |  1.3
Translocations | |  2.1

Action                   |  1- 3 |  4- 6 |  7- 9 || total
-------------------------+-------+-------+-------++-------
Melee: Falchion          |    49 |   107 |    76 ||   232
       Headbutt          |    11 |    17 |    80 ||   108
       Long sword        |       |       |   251 ||   251
Evoke: Wand              |       |     1 |     5 ||     6
  Use: Scroll            |     2 |     1 |     8 ||    11
       Potion            |       |       |    10 ||    10
 Stab: Paralysed         |       |     8 |    15 ||    23
Armor: Leather armour    |    16 |       |       ||    16
       Ring mail         |    10 |    44 |   147 ||   201
       Skin              |       |       |    16 ||    16
Dodge: Dodged            |    51 |    67 |   336 ||   454
       Rpst.: Falchion   |    17 |    22 |    12 ||    51
       Long sword        |       |       |    72 ||    72

Table legend: (Time is in decaauts)
 A = Elapsed time spent in this place.
 B = Non-inter-level travel time spent in this place.
 C = Inter-level travel time spent in this place.
 D = Time resting spent in this place.
 E = Time spent auto-exploring this place.
 F = Levels seen in this place.
 G = Mean time per level.
                   A        B        C        D        E       F      G
               +--------+--------+--------+--------+--------+-----+--------+
         Total |   7911 |   7665 |    246 |      0 |   6699 |   7 | 1130.1 |
       Dungeon |   7911 |   7665 |    246 |      0 |   6699 |   7 | 1130.1 |
               +--------+--------+--------+--------+--------+-----+--------+

Top non-repeatable levels by time:
     D:6: 1926 daAuts
     D:5: 1635 daAuts
     D:2: 1607 daAuts
     D:3: 990 daAuts
     D:1: 714 daAuts
     D:4: 657 daAuts
     D:7: 379 daAuts
